2399 views
Uploaded 2021-12-30 06:01:22
Game version 1.32.10
22:08 long 3on3 ladder game on (6)Guardians
Saved by xzz
2399 views
Uploaded 2021-12-30 06:01:22
Game version 1.32.10
22:08 long 3on3 ladder game on (6)Guardians


54 units @ 7.7k
/ 0.4k
25 buildings @ 4.2k
/ 1.1k

| Peon | 5 | 375 | / | 0 |
| Grunt | 7 | 1400 | / | 0 |
| total: | 12 | 1775g | / | 0w |
| Altar of Storms | 1 | 180 | / | 50 |
| Orc Burrow | 3 | 480 | / | 120 |
| Barracks | 1 | 180 | / | 50 |
| War Mill | 1 | 205 | / | 0 |
| Stronghold | 1 | 315 | / | 190 |
| Fortress | 1 | 325 | / | 190 |
| total: | 6 | 1045g | / | 220w |
| 0:07 | Altar of Storms |
| 0:08 | Peon |
| 0:11 | Orc Burrow |
| 0:21 | Peon |
| 0:30 | Barracks |
| 0:38 | Peon |
| 0:50 | Peon |
| 1:14 | Peon |
| 1:22 | Pillage |
| 1:35 | Grunt |
| 1:51 | Grunt |
| 2:08 | Orc Burrow |
| 2:31 | Grunt |
| 2:56 | Feral Spirit |
| 3:30 | Grunt |
| 3:31 | Grunt |
| 3:48 | Stronghold |
| 5:05 | Orc Burrow |
| 5:31 | War Mill |
| 6:01 | Grunt |
| 6:03 | Grunt |
| 6:13 | Fortress |
| Select | 58 |
| Right click | 40 |
| Build/train/purchase | 23 |
| Minimap ping | 7 |
| Use ability | 3 |
| Remove unit | 1 |

| Acolyte | 2 | 150 | / | 0 |
| Ghoul | 17 | 2040 | / | 0 |
| Crypt Fiend | 7 | 1505 | / | 280 |
| total: | 26 | 3695g | / | 280w |
| Nerubian Tower | 3 | 300 | / | 60 |
| Altar of Darkness | 1 | 180 | / | 50 |
| Crypt | 1 | 200 | / | 50 |
| Ziggurat | 3 | 450 | / | 150 |
| Graveyard | 1 | 215 | / | 0 |
| total: | 6 | 1045g | / | 250w |
| 0:33 | Altar of Darkness |
| 0:36 | Acolyte |
| 0:36 | Acolyte |
| 1:00 | Crypt |
| 1:05 | Ziggurat |
| 1:33 | Ziggurat |
| 1:54 | Graveyard |
| 2:04 | Ghoul |
| 2:28 | Ghoul |
| 2:29 | Ghoul |
| 2:29 | Ghoul |
| 2:48 | Ghoul |
| 2:48 | Ghoul |
| 2:48 | Ghoul |
| 3:00 | Nerubian Tower |
| 3:12 | Death Coil |
| 3:28 | Crypt Fiend |
| 3:42 | Unholy Strength |
| 4:19 | Ghoul |
| 4:19 | Ghoul |
| 4:19 | Ghoul |
| 4:19 | Ghoul |
| 4:19 | Ghoul |
| 4:33 | Ziggurat |
| 5:05 | Unholy Armor |
| 5:06 | Creature Attack |
| 5:50 | Unholy Aura |
| 5:54 | Crypt Fiend |
| 5:54 | Crypt Fiend |
| 5:58 | Nerubian Tower |
| 6:02 | Nerubian Tower |
| 7:49 | Crypt Fiend |
| 7:50 | Crypt Fiend |
| 7:50 | Crypt Fiend |
| 7:50 | Crypt Fiend |
| 8:02 | Unholy Aura |
| 9:21 | Ghoul |
| 9:21 | Ghoul |
| 9:21 | Ghoul |
| 9:21 | Ghoul |
| 9:22 | Ghoul |
| Right click | 313 |
| Select | 96 |
| Build/train/purchase | 36 |
| Use ability | 10 |
| Misc. action | 1 |

| Healing Salve | 1 | 100 |
| total: | 1 | 100g |
| Peon | 5 | 375 | / | 0 |
| Grunt | 5 | 1000 | / | 0 |
| Troll Headhunter | 6 | 840 | / | 120 |
| total: | 16 | 2215g | / | 120w |
| Watch Tower | 3 | 330 | / | 240 |
| Altar of Storms | 1 | 180 | / | 50 |
| Orc Burrow | 3 | 480 | / | 120 |
| Barracks | 3 | 540 | / | 150 |
| War Mill | 2 | 410 | / | 0 |
| Voodoo Lounge | 1 | 130 | / | 30 |
| Stronghold | 1 | 315 | / | 190 |
| total: | 13 | 2070g | / | 590w |
| 0:08 | Altar of Storms |
| 0:14 | Orc Burrow |
| 0:31 | Peon |
| 0:31 | Peon |
| 0:43 | Barracks |
| 0:50 | Peon |
| 1:18 | Peon |
| 1:38 | Barracks |
| 1:46 | Barracks |
| 2:01 | War Mill |
| 2:06 | War Mill |
| 2:23 | Grunt |
| 2:37 | Peon |
| 2:47 | Feral Spirit |
| 3:21 | Steel Melee Weapons |
| 3:23 | Grunt |
| 3:43 | Orc Burrow |
| 4:03 | Voodoo Lounge |
| 4:24 | Steel Armor |
| 4:35 | Spiked Barricades |
| 5:00 | Watch Tower |
| 5:01 | Troll Headhunter |
| 5:03 | Troll Headhunter |
| 5:34 | Grunt |
| 5:37 | Healing Salve |
| 6:01 | Grunt |
| 6:44 | Orc Burrow |
| 7:16 | Chain Lighting |
| 7:52 | Watch Tower |
| 7:54 | Stronghold |
| 8:31 | Grunt |
| 8:34 | Steel Ranged Weapons |
| 8:37 | Troll Headhunter |
| 8:39 | Troll Headhunter |
| 9:38 | Chain Lighting |
| 9:38 | Chain Lighting |
| 10:01 | Troll Headhunter |
| 10:03 | Troll Headhunter |
| 10:11 | Watch Tower |
| 10:18 | Thorium Armor |
| 11:11 | Troll Regeneration |
| Right click | 505 |
| Select | 147 |
| Select group | 134 |
| Build/train/purchase | 35 |
| Assign group | 15 |
| Use ability | 6 |
| Misc. action | 4 |
| Minimap ping | 2 |
83 units @ 11.7k
/ 1.6k
76 buildings @ 7.8k
/ 2.9k

| Scroll of Regeneration | 6 | 600 |
| Lesser Clarity Potion | 4 | 280 |
| Potion of Healing | 1 | 150 |
| Potion of Mana | 1 | 200 |
| total: | 12 | 1230g |
| Peasant | 20 | 1500 | / | 0 |
| Footman | 2 | 270 | / | 0 |
| Rifleman | 24 | 4920 | / | 720 |
| Mortar Team | 6 | 1080 | / | 420 |
| Sorceress | 4 | 620 | / | 80 |
| Priest | 3 | 405 | / | 30 |
| Knight | 5 | 1225 | / | 300 |
| Wisp | 14 | 840 | / | 0 |
| Archer | 2 | 260 | / | 20 |
| Huntress | 3 | 585 | / | 60 |
| total: | 83 | 11705g | / | 1630w |
| Scout Tower | 12 | 360 | / | 240 |
| Guard Tower | 3 | 210 | / | 150 |
| Altar of Kings | 2 | 360 | / | 100 |
| Farm | 35 | 2800 | / | 700 |
| Barracks | 2 | 320 | / | 120 |
| Blacksmith | 2 | 280 | / | 120 |
| Lumber Mill | 2 | 240 | / | 0 |
| Arcane Vault | 3 | 390 | / | 90 |
| Workshop | 1 | 140 | / | 140 |
| Arcane Sanctum | 3 | 450 | / | 420 |
| Keep | 2 | 640 | / | 420 |
| Castle | 3 | 1080 | / | 630 |
| Ancient Protector | 4 | 540 | / | 320 |
| Altar of Elders | 1 | 180 | / | 50 |
| Moon Well | 6 | 1080 | / | 240 |
| Ancient of War | 1 | 150 | / | 60 |
| Hunter's Hall | 1 | 210 | / | 100 |
| Tree of Life | 1 | 340 | / | 185 |
| total: | 76 | 7840g | / | 2885w |
| 0:08 | Peasant |
| 0:08 | Peasant |
| 0:15 | Wisp |
| 0:15 | Wisp |
| 0:23 | Altar of Kings |
| 0:24 | Farm |
| 0:27 | Peasant |
| 0:27 | Peasant |
| 0:27 | Peasant |
| 0:32 | Altar of Kings |
| 0:33 | Farm |
| 0:39 | Barracks |
| 0:43 | Farm |
| 0:43 | Farm |
| 0:47 | Altar of Elders |
| 0:49 | Moon Well |
| 0:51 | Wisp |
| 0:51 | Wisp |
| 0:55 | Ancient of War |
| 1:07 | Wisp |
| 1:07 | Wisp |
| 1:11 | Peasant |
| 1:11 | Peasant |
| 1:11 | Peasant |
| 1:18 | Farm |
| 1:25 | Farm |
| 1:30 | Barracks |
| 1:35 | Peasant |
| 1:35 | Peasant |
| 1:35 | Peasant |
| 1:45 | Footman |
| 1:52 | Wisp |
| 1:52 | Wisp |
| 1:53 | Wisp |
| 1:59 | Moon Well |
| 2:03 | Archer |
| 2:08 | Footman |
| 2:13 | Blacksmith |
| 2:19 | Peasant |
| 2:29 | Blacksmith |
| 2:39 | Hunter's Hall |
| 2:46 | Storm Bolt |
| 2:57 | Entangling Roots |
| 3:27 | Moon Well |
| 3:33 | Moon Well |
| 3:37 | Moon Well |
| 3:38 | Moon Well |
| 3:44 | Archer |
| 3:47 | Rifleman |
| 3:47 | Rifleman |
| 3:51 | Scout Tower |
| 3:53 | Scout Tower |
| 3:54 | Scout Tower |
| 3:57 | Lumber Mill |
| 4:05 | Farm |
| 4:06 | Farm |
| 4:07 | Farm |
| 4:12 | Storm Bolt |
| 4:13 | Rifleman |
| 4:19 | Rifleman |
| 4:19 | Rifleman |
| 4:23 | Scout Tower |
| 4:25 | Scout Tower |
| 4:25 | Scout Tower |
| 4:26 | Scout Tower |
| 4:30 | Farm |
| 4:30 | Farm |
| 4:31 | Farm |
| 4:33 | Rifleman |
| 4:36 | Lumber Mill |
| 4:38 | Peasant |
| 4:43 | Huntress |
| 4:44 | Huntress |
| 5:25 | Arcane Vault |
| 5:31 | Rifleman |
| 5:34 | Huntress |
| 5:39 | Ancient Protector |
| 5:40 | Ancient Protector |
| 5:41 | Ancient Protector |
| 5:42 | Ancient Protector |
| 5:44 | Wisp |
| 5:47 | Guard Tower |
| 5:48 | Keep |
| 5:53 | Rifleman |
| 5:57 | Improved Lumber Harvesting |
| 6:00 | Scroll of Regeneration |
| 6:00 | Scroll of Regeneration |
| 6:06 | Lesser Clarity Potion |
| 6:06 | Lesser Clarity Potion |
| 6:31 | Guard Tower |
| 7:22 | Rifleman |
| 7:22 | Rifleman |
| 7:22 | Rifleman |
| 7:52 | Rifleman |
| 7:52 | Rifleman |
| 7:52 | Rifleman |
| 7:52 | Rifleman |
| 8:01 | Bash |
| 8:03 | Force of Nature |
| 8:12 | Bash |
| 8:15 | Castle |
| 8:19 | Workshop |
| 8:23 | Peasant |
| 8:23 | Peasant |
| 8:23 | Peasant |
| 8:24 | Advanced Lumber Harvesting |
| 9:25 | Mortar Team |
| 9:25 | Mortar Team |
| 9:29 | Farm |
| 9:29 | Farm |
| 9:29 | Farm |
| 9:31 | Peasant |
| 9:31 | Peasant |
| 10:07 | Storm Bolt |
| 10:09 | Storm Bolt |
| 10:13 | Mortar Team |
| 10:14 | Rifleman |
| 10:19 | Farm |
| 10:19 | Farm |
| 10:20 | Farm |
| 10:21 | Scout Tower |
| 10:22 | Scout Tower |
| 10:30 | Scout Tower |
| 10:30 | Scout Tower |
| 10:31 | Scout Tower |
| 10:32 | Farm |
| 10:32 | Farm |
| 10:34 | Peasant |
| 10:34 | Peasant |
| 11:16 | Mortar Team |
| 11:27 | Guard Tower |
| 11:30 | Keep |
| 11:37 | Mortar Team |
| 11:39 | Farm |
| 11:40 | Farm |
| 12:41 | Rifleman |
| 12:42 | Rifleman |
| 12:42 | Rifleman |
| 12:45 | Farm |
| 12:45 | Farm |
| 12:46 | Farm |
| 12:50 | Rifleman |
| 12:51 | Rifleman |
| 12:52 | Mortar Team |
| 13:24 | Bash |
| 13:38 | Castle |
| 14:57 | Bash |
| 15:06 | Arcane Vault |
| 15:06 | Arcane Vault |
| 15:13 | Rifleman |
| 15:13 | Rifleman |
| 15:15 | Castle |
| 15:18 | Rifleman |
| 15:23 | Arcane Sanctum |
| 16:11 | Sorceress |
| 16:11 | Sorceress |
| 16:11 | Sorceress |
| 16:11 | Sorceress |
| 16:17 | Farm |
| 16:18 | Farm |
| 16:19 | Farm |
| 16:32 | Arcane Sanctum |
| 16:35 | Arcane Sanctum |
| 16:42 | Farm |
| 16:43 | Farm |
| 16:44 | Farm |
| 16:44 | Farm |
| 17:06 | Scroll of Regeneration |
| 17:06 | Scroll of Regeneration |
| 17:07 | Lesser Clarity Potion |
| 17:07 | Lesser Clarity Potion |
| 17:21 | Potion of Healing |
| 17:22 | Potion of Mana |
| 17:23 | Scroll of Regeneration |
| 17:37 | Priest |
| 17:37 | Priest |
| 17:38 | Priest |
| 17:42 | Knight |
| 17:43 | Knight |
| 17:43 | Knight |
| 17:43 | Knight |
| 17:43 | Knight |
| 17:47 | Farm |
| 17:48 | Farm |
| 17:49 | Farm |
| 17:58 | Fragmentation Shards |
| 18:18 | Tree of Life |
| 18:31 | Scroll of Regeneration |
| 20:13 | Sorceress Adept Training |
| 20:13 | Priest Adept Training |
| 20:17 | Black Gunpowder |
| 20:18 | Studded Leather Armor |
| 20:18 | Iron Plating |
| 20:31 | Animal War Training |
| 20:37 | Reinforced Leather Armor |
| 20:37 | Steel Plating |
| 20:38 | Refined Gunpowder |
| 20:42 | Priest Master Training |
| 20:44 | Sorceress Master Training |
| 20:50 | Wisp |
| 20:50 | Wisp |
| 20:50 | Wisp |
| 20:50 | Wisp |
| 21:14 | Long Rifles |
| 22:02 | Imbued Gunpowder |
| Right click | 454 |
| Select | 338 |
| Select group | 220 |
| Build/train/purchase | 153 |
| Use ability | 38 |
| Assign group | 23 |
| Misc. action | 12 |
| Resource trade | 12 |
| Chat | 8 |
| Item give/drop | 1 |
| Remove unit | 1 |
| Esc | 1 |